 Dungeon Crawl Stone Soup version 0.19-a0-1260-gc94d3f7 (webtiles) character file.

90922 4thArraOfDagon the Scorcher (level 16, -6/94 HPs)
             Began as an Octopode Fire Elementalist on Aug 28, 2016.
             Was an Elder of Sif Muna.
             Killed from afar by a crystal guardian (32 damage)
             ... with a crystal bolt
             ... on level 3 of the Elven Halls.
             The game lasted 01:22:13 (10808 turns).

4thArraOfDagon the Scorcher (OpFE)                 Turns: 10808, Time: 01:22:13

Health: -6/94      AC:  3    Str: 11    XL:     16   Next: 1%
Magic:  30/46      EV: 14    Int: 32    God:    Sif Muna [****..]
Gold:   802        SH:  2    Dex: 17    Spells: 9 memorised, 4 levels left

rFire  + + .     SeeInvis +     X - staff of power {!a}
rCold  . . .     Gourm    .     (no shield)
rNeg   . . .     Faith    .     (helmet restricted)
rPois  +         Spirit   .     (no amulet)
rElec  .         Dismiss  .     c - ring of poison resistance
rCorr  .         Reflect  .     d - ring of fire
MR     +....     Harm     .     p - +2 ring of intelligence
Stlth  ++++...... Clarity  +    r - ring of protection from fire
                                t - ring of see invisible
                                x - ring of Xom's Righteous Fury {rC+ Str+3 Dex+4 Stlth+}
                                Y - ring of flight
                                (no ring)

@: brilliant, very slightly contaminated, hasted, delayed fireball, repel
missiles, divine energy, very quick
A: almost no armour, stealthy swim, amphibious, 8 rings, constrict 8, large bone
plates 1, camouflage 1, berserk 1, clarity, clever 1, robust 1, gelatinous body
1, subdued magic 1
a: Stop Divine Energy, Channel Magic, Forget Spell, Renounce Religion, Release
Delayed Fireball, Evoke Flight


You were on level 3 of the Elven Halls.
You worshipped Sif Muna.
Sif Muna was greatly pleased with you.
You were not hungry.

You visited 5 branches of the dungeon, and saw 27 of its levels.
You also visited: Labyrinth, Bailey and Wizlab.

You collected 1757 gold pieces.
You spent 955 gold pieces at shops.

Inventory:

Hand Weapons
 j - the cursed +0 halberd of Nenuuhau {vamp, rElec Str+3, unknown}
   (You found it on level 3 of the Lair of Beasts)

   It inflicts no extra harm, but heals its wielder somewhat when it strikes a
   living foe.
   It affects your strength (+3).
   It insulates you from electricity.
   It has a curse placed upon it.
 k - a +2 whip of electrocution
 o - a +0 blowgun
 C - a +0 quarterstaff of speed
Missiles
 A - 5 curare-tipped needles
Magical Staves
 T - an uncursed staff of cold
 X - an uncursed staff of power (weapon) {!a}
Rods
 s - a +0 rod of clouds (14/14)
   (You found it on level 6 of the Lair of Beasts)
Jewellery
 c - a ring of poison resistance (left tentacle)
 d - a ring of fire (right tentacle)
 p - a +2 ring of intelligence (on tentacle)
 r - a ring of protection from fire (on tentacle)
 t - a ring of see invisible (on tentacle)
 x - the ring of Xom's Righteous Fury (on tentacle) {rC+ Str+3 Dex+4 Stlth+}
   (You bought it in a shop on level 2 of the Orcish Mines)

   [ring of dexterity]

   It affects your strength (+3).
   It affects your dexterity (+4).
   It protects you from cold.
   It makes you more stealthy.
 Y - a ring of flight (on tentacle)
Wands
 a - a wand of slowing (12/48)
 g - a wand of lightning (7/15)
 n - a wand of polymorph (3/24)
 v - a wand of confusion (30/48)
 w - a wand of lightning (1/15)
 B - a wand of lightning (3/15)
 G - a wand of flame (0/48)
 H - a wand of acid (5/15)
 P - a wand of digging (6/24)
 S - a wand of lightning (5/15)
 U - a wand of random effects (25/48)
 Z - a wand of iceblast (3/15)
Scrolls
 i - 3 scrolls of silence
 l - 3 scrolls of recharging
 u - 3 scrolls of remove curse
 I - a scroll of identify
 K - a scroll of teleportation
 L - a scroll of enchant armour
 M - 2 scrolls of immolation
 Q - a scroll of torment
 R - a scroll of fog
Potions
 e - 4 potions of might
 f - 2 potions of berserk rage
 h - 4 potions of brilliance
 z - 3 potions of curing
 D - 4 potions of resistance
 J - a potion of cancellation
 N - a potion of flight
Books
 q - a book of Geomancy

   Spells                             Type                      Level
   a - Sandblast                      Earth                        1
   b - Passwall                       Transmutation/Earth          2
   c - Stone Arrow                    Conjuration/Earth            3
   d - Petrify                        Transmutation/Earth          4
   e - Lee's Rapid Deconstruction     Earth                        5
 y - a book of Necromancy

   Spells                             Type                      Level
   a - Pain                           Necromancy                   1
   b - Animate Skeleton               Necromancy                   1
   c - Vampiric Draining              Necromancy                   3
   d - Regeneration                   Charms/Necromancy            3
   e - Animate Dead                   Necromancy                   4
   f - Control Undead                 Necromancy                   4
 E - a book of Air

   Spells                             Type                      Level
   a - Shock                          Conjuration/Air              1
   b - Swiftness                      Charms/Air                   2
   c - Repel Missiles                 Charms/Air                   2
   d - Static Discharge               Conjuration/Air              3
   e - Lightning Bolt                 Conjuration/Air              5
 O - Sif Muna's Grimoire of Attacks
   (Sif Muna gifted it to you on level 1 of the Orcish Mines)

   Spells                             Type                      Level
   a - Iskenderun's Battlesphere      Conjuration/Charms           5
   b - Bolt of Fire                   Conjuration/Fire             6
   c - Delayed Fireball               Conjuration/Fire             7
   d - Orb of Destruction             Conjuration                  7
 V - Sif Muna's Almanac of Arcane Weapons
   (Sif Muna gifted it to you on level 5 of the Lair of Beasts)

   Spells                             Type                      Level
   a - Magic Dart                     Conjuration                  1
   b - Dazzling Spray                 Conjuration/Hexes            3
   c - Spellforged Servitor           Conjuration/Summoning        7
 W - a book of Alchemy

   Spells                             Type                      Level
   a - Sublimation of Blood           Necromancy                   2
   b - Ignite Poison                  Fire/Transmutation/Poison    3
   c - Petrify                        Transmutation/Earth          4
   d - Alistair's Intoxication        Transmutation/Poison         5
   e - Irradiate                      Conjuration/Transmutation    5
Comestibles
 m - 6 meat rations


   Skills:
 - Level 2.0 Dodging
 - Level 2.6 Stealth
 + Level 11.0 Spellcasting
 * Level 15.8 Conjurations
 * Level 16.0 Fire Magic
 + Level 11.9 Invocations


You had 4 spell levels left.
You knew the following spells:

 Your Spells              Type           Power        Failure   Level  Hunger
a - Passage of Golubria   Tloc           N/A          3%          4    None
b - Orb of Destruction    Conj           #######...   1%          7    ######.
c - Sticky Flame          Conj/Fire      ########     1%          4    None
d - Fireball              Conj/Fire      ########..   1%          5    ##.....
e - Repel Missiles        Chrm/Air       ####..       1%          2    None
g - Delayed Fireball      Conj/Fire      N/A          1%          7    ######.
h - Bolt of Fire          Conj/Fire      ########..   1%          6    ####...
i - Apportation           Tloc           ####......   1%          1    None
j - Sublimation of Blood  Necr           ####......   1%          2    None


Dungeon Overview and Level Annotations

Branches:
Dungeon (15/15)            Temple (1/1) D:7            Lair (6/6) D:11
  Snake (0/4) Lair:3        Slime (0/5) Lair:6          Orc (2/2) D:12
    Elf (3/3) Orc:2
  Swamp: Lair:2-4    Shoals: Lair:2-4    Vaults: D:13-14     Depths: D:15

Altars:
Ashenzari
Cheibriados
Dithmenos
Elyvilon
Hepliaklqana
Nemelex Xobeh
Qazlal
Ru
Sif Muna
Trog
Uskayaw
Vehumet
Xom
Yredelemnul
Zin
Beogh

Shops:
D:5 (   Orc:2 *=[(   Elf:2 **(

Annotations:
D:8 4thArraOfDagon's ghost, novice HaWn


Innate Abilities, Weirdness & Mutations

You cannot wear most types of armour.
You are very stealthy in the water.
You are amphibious.
You can wear up to eight rings at the same time.
You can use your tentacles to constrict eight enemies at once.
Your skin changes colour to match your surroundings (Stealth+).
Your rubbery body absorbs attacks. (AC +1, EV +1)
You are partially covered in large bone plates. (AC +2, SH +2)
You tend to lose your temper in combat.
You possess an exceptional clarity of mind.
Your mind is acute. (Int +2)
You are robust. (+10% HP)
Your spells are a little easier to cast, but a little less powerful.


Message History

A crystal guardian comes into view.
The crystal guardian fires a crystalline bolt at you.
The crystal bolt is repelled.
Unknown command.
Unknown command.
A deep elf blademaster comes into view.
It is wielding a short sword of venom and a short sword.
Unknown command.
You feel less invigorated.
Unknown command.
There is an open door here.
Unknown command.
Casting: Delayed Fireball
Confirm with . or Enter, or press ? or * to list all spells.
Aiming: Orb of Destruction
Press: ? - help, Shift-Dir - straight line, f - crystal guardian
Aim: a crystal guardian The deep elf blademaster shouts!
The crystal guardian fires a crystalline bolt at you.
The crystal bolt freezes you!
You die...

##)## ##.).## #..e..# #.....#
#################8##############
#.....#.....#..........#.......#
#.....#.....'..........#.......#
#.....'.....#..*.......+.......'
#####'#'#######@##############'#
#......................^........
#...............................
################################
#≈≈≈≈≈≈≈≈≈≈≈≈≈≈≈≈≈≈≈≈≈≈≈≈≈≈≈≈≈≈≈
#≈≈≈≈≈≈≈≈≈≈≈≈≈≈≈≈≈≈≈≈≈≈≈≈≈≈≈≈≈≈≈
#...............................
#...............................
#...............................


You could see a deep elf blademaster and a crystal guardian.

Vanquished Creatures
  Asterion (Elf:3)
  An orc warlord (Orc:2)
  A deep elf sorcerer (Elf:3)
  A deep elf elementalist (Elf:3)
  A deep elf demonologist (Elf:2)
  4 deep elf annihilators
  5 dire elephants (Lair:6)
  Snorg (D:11)
  5 crystal guardians (Elf:3)
  2 ettins
  3 deep elf death magi (Elf:3)
  2 deep elf high priests (Elf:3)
  A minotaur (Lab)
  6 hydras
  A vault guard (D:13)
  An anaconda (Lair:6)
  6 death yaks
  5 dancing weapons
  2 orc high priests
  6 deep elf knights
  A wizard (D:15)
  12 deep elf archers
  4 hill giants
  5 orc knights
  20 deep elf magi
  A griffon (D:13)
  An ugly thing (D:11)
  2 cyclopes
  A manticore (D:15)
  4 orc sorcerers (Orc:2)
  2 black mambas
  9 elephants
  A yaktaur (Lair:6)
  A torpor snail (Lair:5)
  7 spiny frogs
  A rime drake (Lair:3)
  3 komodo dragons
  A meliai (shapeshifter) (Elf:2)
  5 trolls
  A wind drake (Elf:2)
  3 blink frogs (Lair:5)
  2 shadows
  3 air elementals
  2 water elementals
  37 yaks
  A basilisk (Lair:1)
  A fire elemental (Elf:3)
  3 hungry ghosts
  2 hippogriffs
  A naga (Lair:3)
  6 water moccasins
  3 wargs
  A soldier ant (D:15)
  5 porcupines
  31 orc warriors
  3 sky beasts
  4 black bears
  2 ice beasts
  A wasp (D:11)
  4 phantoms
  9 ogres
  6 centaurs
  3 crocodiles
  9 giant frogs
  An earth elemental (Elf:3)
  A wyvern skeleton (D:15)
  A scorpion (D:13)
  A troll zombie (D:12)
  2 killer bees (D:10)
  5 wights (D:15)
  An electric eel (D:11)
  A howler monkey (D:8)
  6 crimson imps
  3 centaur zombies
  5 jellies
  6 hounds
  10 orc priests
  16 orc wizards
  3 iguanas
  5 worker ants
  5 ogre zombies (D:12)
  A hound zombie (D:8)
  A hound skeleton (D:7)
  2 worker ant zombies
  7 gnolls
  7 adders
  44 river rats
  4 shadow imps
  2 oozes (Lair:6)
  A worm (D:3)
  3 giant geckos
  49 orcs
  3 bats
  4 giant cockroaches
  A goblin (D:11)
  A hobgoblin (D:3)
  4 quokkas
  A ball python (D:5)
  A giant gecko skeleton (D:6)
  3 giant newts
  A goblin skeleton (D:12)
  6 goblin zombies (D:12)
  A hobgoblin zombie (D:12)
  4 orc skeletons (D:12)
  13 orc zombies (D:12)
  A quokka skeleton (D:6)
  4 rats
  2 plants (Lair:6)
522 creatures vanquished.

Vanquished Creatures (collateral kills)
  A hippogriff (Lair:5)
1 creature vanquished.

Vanquished Creatures (others)
  A bush (Elf:3)
  2 fungi
  3 plants (Lair:6)
6 creatures vanquished.

Grand Total: 529 creatures vanquished

Notes
Turn   | Place    | Note
-------+----------+-------------------------------------------
     0 | D:1      | 4thArraOfDagon the Octopode Fire Elementalist began the quest for the Orb.
     0 | D:1      | Reached XP level 1. HP: 11/11 MP: 3/3
   215 | D:2      | Found a faded altar of an unknown god.
   241 | D:2      | Reached XP level 2. HP: 9/17 MP: 0/5
   493 | D:3      | Found a hazy altar of Hepliaklqana.
   550 | D:3      | Reached XP level 3. HP: 20/21 MP: 2/6
   555 | D:3      | Learned a level 3 spell: Conjure Flame
   608 | D:3      | Found a bloodstained altar of Trog.
   690 | D:5      | Entered Level 5 of the Dungeon
   690 | D:5      | Noticed a centaur
   692 | D:5      | Noticed a centaur
   697 | D:4      | Killed a centaur
   697 | D:4      | Reached skill level 4 in Fire Magic
   697 | D:4      | Reached XP level 4. HP: 5/27 MP: 1/7
   739 | D:4      | Learned a level 4 spell: Sticky Flame
   762 | D:4      | Found a shadowy altar of Dithmenos.
   778 | D:4      | Reached XP level 5. HP: 14/31 MP: 7/9
   788 | D:4      | Found a sparkling altar of Nemelex Xobeh.
   820 | D:4      | Noticed a phantom
   872 | D:4      | Killed a phantom
   961 | D:5      | Found Siatuut's Weapon Boutique.
   978 | D:5      | Reached XP level 6. HP: 19/36 MP: 7/10
  1255 | D:5      | Noticed a phantom
  1298 | D:5      | Killed a phantom
  1298 | D:5      | Reached skill level 5 in Fire Magic
  1457 | D:6      | Noticed an ice beast
  1467 | D:5      | Reached XP level 7. HP: 27/41 MP: 12/12
  1583 | D:6      | Learned a level 5 spell: Fireball
  1689 | D:6      | Reached skill level 5 in Conjurations
  1858 | D:6      | Reached skill level 6 in Fire Magic
  1908 | D:6      | Reached XP level 8. HP: 41/46 MP: 7/14
  2123 | D:7      | Found a staircase to the Ecumenical Temple.
  2132 | Temple   | Entered the Ecumenical Temple
  2162 | Temple   | Became a worshipper of Sif Muna the Loreminder
  2264 | D:8      | Noticed 4thArraOfDagon's ghost (novice HaWn)
  2383 | D:8      | Reached skill level 1 in Invocations
  2419 | D:8      | Gained mutation: Your body sometimes deteriorates upon taking damage. [mutagenic meat]
  2422 | D:8      | Gained mutation: You tend to lose your temper in combat. [mutagenic meat]
  2425 | D:8      | Gained mutation: Your mind is acute. (Int +2) [mutagenic meat]
  2457 | D:9      | Found a shimmering altar of Xom.
  2457 | D:9      | Found a shimmering altar of Xom.
  2457 | D:9      | Found a shimmering altar of Xom.
  2457 | D:9      | Found a shimmering altar of Xom.
  2513 | D:9      | Reached skill level 7 in Fire Magic
  2569 | D:10     | Entered Level 10 of the Dungeon
  2575 | D:10     | Noticed a troll
  2583 | D:10     | Reached skill level 5 in Spellcasting
  2583 | D:10     | Reached XP level 9. HP: 37/51 MP: 2/16
  2646 | D:10     | Noticed a hill giant
  2657 | D:8      | Found a sacrificial altar of Ru.
  2859 | D:9      | Reached * piety under Sif Muna
  2933 | D:9      | Reached skill level 8 in Fire Magic
  3106 | D:10     | Killed a hill giant
  3106 | D:10     | Reached ** piety under Sif Muna
  3106 | D:10     | Reached XP level 10. HP: 28/56 MP: 2/18
  3231 | D:11     | Noticed a hill giant
  3235 | D:11     | Killed a hill giant
  3235 | D:11     | Reached skill level 9 in Fire Magic
  3417 | D:10     | jacquesderrida: degnor
  3421 | D:11     | 4thArraOfDagon: im here
  3450 | D:11     | Found a flagged portal.
  3461 | D:11     | Noticed a green ugly thing
  3468 | D:11     | jacquesderrida: I am sea you
  3469 | Bailey   | Entered a bailey
  3469 | Bailey   | Noticed an orc knight
  3478 | Bailey   | Noticed azzavlup's ghost (novice TrFi)
  3478 | Bailey   | 4thArraOfDagon: :(
  3480 | Bailey   | Noticed crawlian's ghost (novice DEFE)
  3480 | Bailey   | jacquesderrida: wew
  3508 | D:11     | jacquesderrida: Did that DEFE die in bailey with ponds separating him from oraks...........
  3564 | D:11     | Noticed a death yak
  3565 | D:11     | Reached skill level 5 in Invocations
  3570 | D:11     | Reached *** piety under Sif Muna
  3639 | D:11     | HP: 1/56 [death yak (20)]
  3641 | D:11     | jacquesderrida: jaq
  3645 | D:11     | Killed a death yak
  3645 | D:11     | Reached skill level 10 in Conjurations
  3645 | D:11     | Reached skill level 10 in Fire Magic
  3645 | D:11     | Reached XP level 11. HP: 2/61 MP: 0/21
  3785 | D:11     | Noticed Snorg
  3785 | D:11     | Noticed Sonja
  3808 | D:11     | Noticed Sonja
  3808 | D:11     | Sonja changed into Sonja the black bear
  3814 | D:11     | Killed Sonja the black bear
  3838 | D:11     | Killed Snorg
  3838 | D:11     | Reached **** piety under Sif Muna
  3939 | D:11     | Noticed a white ugly thing
  3965 | D:11     | Killed a white ugly thing
  3987 | D:12     | Found a staircase to the Orcish Mines.
  4158 | D:13     | Learned a level 2 spell: Repel Missiles
  4161 | D:13     | Learned a level 2 spell: Swiftness
  4215 | D:13     | Noticed a deep elf archer
  4225 | D:13     | Killed a deep elf archer
  4230 | D:13     | Noticed a vault guard
  4236 | D:13     | Noticed a vault guard
  4261 | D:13     | Killed a vault guard
  4266 | D:13     | Noticed a vault guard
  4321 | D:15     | Entered Level 15 of the Dungeon
  4332 | D:15     | Noticed a hill giant
  4337 | D:15     | Noticed an orc knight
  4338 | D:15     | Killed a hill giant
  4408 | D:13     | Noticed a griffon
  4415 | D:13     | Reached skill level 11 in Fire Magic
  4520 | D:14     | Gained mutation: You are robust. (+10% HP) [mutagenic meat]
  4685 | D:15     | Gained mutation: You possess an exceptional clarity of mind. [mutagenic meat]
  4716 | D:15     | Noticed a wizard
  4720 | D:15     | Killed a wizard
  4852 | D:15     | Noticed a cyclops
  5033 | D:15     | Noticed a manticore
  5048 | D:15     | Killed a manticore
  5066 | D:15     | Killed a cyclops
  5066 | D:15     | Reached XP level 12. HP: 24/72 MP: 0/23
  5178 | D:13     | Noticed a six-headed hydra
  5182 | D:13     | Killed a six-headed hydra
  5438 | Orc:1    | Entered Level 1 of the Orcish Mines
  5440 | Orc:1    | Noticed an ettin
  5443 | Orc:1    | Killed an ettin
  5454 | D:12     | Reached ***** piety under Sif Muna
  5478 | Orc:1    | Identified Sif Muna's Grimoire of Attacks (Sif Muna gifted it to you on level 1 of the Orcish Mines)
  5478 | Orc:1    | Received a gift from Sif Muna
  5509 | Orc:1    | Reached skill level 12 in Fire Magic
  5547 | Orc:1    | Learned a level 7 spell: Delayed Fireball
  5554 | Orc:1    | Learned a level 6 spell: Bolt of Fire
  5579 | Orc:1    | Noticed an orc high priest
  5587 | Orc:1    | Killed an orc high priest
  5775 | Orc:2    | Entered Level 2 of the Orcish Mines
  5875 | Orc:2    | Found a staircase to the Elven Halls.
  6113 | Orc:2    | Noticed an orc warlord
  6155 | Orc:1    | W
  6378 | Orc:2    | Killed an orc warlord
  6378 | Orc:2    | Reached XP level 13. HP: 40/78 MP: 1/25
  6464 | Orc:2    | Reached skill level 13 in Fire Magic
  6476 | Orc:2    | Found a roughly hewn altar of Beogh.
  6503 | Orc:2    | Found Gurory's Antique Weapon Shop.
  6520 | Orc:2    | Found Amuahib's Jewellery Shop.
  6536 | Orc:2    | Found Rodghop's General Store.
  6545 | Orc:2    | Bought 2 potions of brilliance for 104 gold pieces
  6554 | Orc:2    | Found Qounkor's Antique Armour Shop.
  6561 | Orc:2    | 4thArraOfDagon: ctrl q
  6588 | Orc:2    | Noticed an ettin
  6590 | Orc:2    | Killed an ettin
  6703 | Orc:2    | Bought the ring of Xom's Righteous Fury {rC+ Str+3 Dex+4 Stlth+} for 851 gold pieces
  6811 | D:11     | Found a staircase to the Lair.
  6819 | Lair:1   | Entered Level 1 of the Lair of Beasts
  7190 | Lair:5   | Gained mutation: You are partially covered in large bone plates. (AC +2, SH +2) [potion of mutation]
  7190 | Lair:5   | Lost mutation: Your body sometimes deteriorates upon taking damage. [potion of mutation]
  7190 | Lair:5   | Gained mutation: Your spells are a little easier to cast, but a little less powerful. [potion of mutation]
  7197 | Lair:6   | Entered Level 6 of the Lair of Beasts
  7272 | Lair:6   | Noticed Nessos
  7273 | Lair:6   | Noticed Nessos
  7273 | Lair:6   | Nessos changed into Nessos the yaktaur
  7274 | Lair:6   | Killed Nessos the yaktaur
  7369 | Lair:6   | Identified a +0 rod of clouds (14/14) (You found it on level 6 of the Lair of Beasts)
  7397 | Lair:6   | Found a labyrinth entrance.
  7406 | Lab      | Entered a labyrinth
  7731 | Lab      | Noticed a minotaur
  7733 | Lab      | Killed a minotaur
  7741 | Lab      | ROTFL
  7741 | Lab      | ctrl+q ^w
  7845 | Lair:6   | Identified the Reference Book on Supportive Heat
  7866 | Lair:6   | Found a staircase to the Slime Pits.
  7872 | Lair:6   | Learned a level 1 spell: Apportation
  8089 | Lair:6   | Noticed a dire elephant
  8089 | Lair:6   | Noticed a dire elephant
  8098 | Lair:6   | Killed a dire elephant
  8098 | Lair:6   | Reached XP level 14. HP: 79/83 MP: 16/27
  8106 | Lair:6   | Killed a dire elephant
  8106 | Lair:6   | Reached skill level 10 in Invocations
  8134 | Lair:6   | Identified the Compendium of the Compass
  8138 | Lair:6   | Learned a level 2 spell: Sublimation of Blood
  8144 | Lair:6   | Learned a level 4 spell: Passage of Golubria
  8167 | Lair:6   | Noticed a dire elephant
  8171 | Lair:6   | Killed a dire elephant
  8201 | Lair:6   | Noticed a dire elephant
  8207 | Lair:6   | Noticed a dire elephant
  8208 | Lair:6   | Killed a dire elephant
  8208 | Lair:6   | Reached skill level 14 in Fire Magic
  8212 | Lair:6   | Killed a dire elephant
  8362 | Lair:5   | Identified Sif Muna's Almanac of Arcane Weapons (Sif Muna gifted it to you on level 5 of the Lair of Beasts)
  8362 | Lair:5   | Received a gift from Sif Muna
  8861 | Lair:3   | Found a staircase to the Snake Pit.
  8993 | Lair:3   | Got a steaming halberd
  9242 | Elf:1    | Entered Level 1 of the Elven Halls
  9259 | Elf:1    | Reached skill level 10 in Spellcasting
  9435 | Elf:1    | Noticed a deep elf annihilator
  9440 | Elf:1    | Killed a deep elf annihilator
  9458 | Elf:1    | Learned a level 7 spell: Orb of Destruction
  9611 | Elf:1    | Reached XP level 15. HP: 89/89 MP: 28/29
  9618 | Elf:1    | Reached skill level 15 in Fire Magic
  9764 | Elf:2    | Found Xykadeq's General Store.
  9811 | Elf:2    | Elystan: what's +Cast?
  9811 | Elf:2    | Reached skill level 15 in Conjurations
  9831 | Elf:2    | Ultraviolent4: sif ability
  9845 | Elf:2    | Found a magical portal.
  9850 | Elf:2    | Ultraviolent4: means you can cast a spell after you run out of mana
  9851 | WizLab   | Entered The Chambers of the Cloud Mage
  9853 | WizLab   | Ultraviolent4: but then it gives you -cast for a bit
  9857 | Elf:2    | Elystan: I see
  9947 | Elf:2    | Found Pacif's General Store.
 10000 | Elf:2    | Found Pesusk's Weapon Boutique.
 10048 | Elf:2    | 4thArraOfDagon: funny thing is that
 10048 | Elf:2    | 4thArraOfDagon: it recharges in 5 turns
 10052 | Elf:2    | 4thArraOfDagon: so you can cast firestorm off no mana every 5 turns
 10052 | Elf:2    | 4thArraOfDagon: lol
 10052 | Elf:2    | Ultraviolent4: yea its goof
 10052 | Elf:2    | Ultraviolent4: good
 10070 | Elf:3    | Entered Level 3 of the Elven Halls
 10342 | Elf:3    | Noticed a deep elf sorcerer
 10346 | Elf:3    | Killed a deep elf sorcerer
 10491 | Elf:3    | Noticed Asterion
 10611 | Elf:3    | Killed Asterion
 10771 | Elf:3    | Noticed a deep elf elementalist
 10773 | Elf:3    | Killed a deep elf elementalist
 10784 | Elf:3    | Reached skill level 16 in Fire Magic
 10795 | Elf:3    | Reached XP level 16. HP: 17/94 MP: 7/31
 10805 | Elf:3    | Noticed a deep elf blademaster
 10808 | Elf:3    | Killed from afar by a crystal guardian

Vault maps used:
D:1:      mrwooster_arrival_statue_2, minmay_misc_feat_cross, minmay_bisected
D:2:      mumra_celtic_spiral_tile, grunt_temple_overflow_open,
          ecumenical_altar_1
D:3:      lemuel_coloured_pillars_altar, old_standard_altar, first_bread,
          st_stairs_3
D:4:      nicolae_overflow_crystal_walls, nicolae_dithmenos_shadow_blocks
D:5:      serial_shops, shop, moated_statue, uniq_duvessa
D:6:      grunt_decor_one_mirror
D:7:      kiku_gazebo_garden_becter, uniq_pikel
D:8:      overflow_temple_1_default
D:9:      xom_shifter_show
D:10:     hangedman_little_slice_of_home
D:11:     argonaut_augean_stables, lair_0_dummy, enter_bailey_7, uniq_snorg,
          uniq_sonja
D:12:     zombieorc2_lemuel, minivault_13, uniq_frances
D:13:     erik_vaults_2, nicolae_trove_entry_crossroad, lightli_corner_chamber
D:15:     grunt_enter_depths_giant_problem, tso_altar
Temple:   jpeg_temple_island
Lair:2:   minmay_swamp_entry_worms, grunt_megastairs_1
Lair:3:   guppyfry_snake_entry_island
Lair:4:   basic_altar, zaba_anthell, serial_bayou_shore_b, serial_bayou_shore_b
Lair:5:   grunt_megastairs_3
Lair:6:   due_jungle_book, nicolae_slime_entry_slimehenge, lab_entry_generic,
          lemuel_fruit_tree, infiniplex_staircase_pool_2, grunt_megastairs_2,
          uniq_nessos
Orc:2:    grunt_orc_cross, nicolae_orc_crystal_geode
Elf:1:    eino_elf_arrival_shootout, minmay_elf_annihilation
Elf:2:    serial_shops, nicolae_shop_temple_entry_statues_fountains, shop,
          nicolae_shop_waterfront, serial_sigils, serial_sigils_hangedman_gut,
          serial_sigils_hangedman_writhe, serial_sigils_hangedman_shear,
          mu_enter_wizlab_1
Elf:3:    minmay_elf_hall_golems, uniq_asterion
Lab:      nicolae_lab_diamond
Bailey:   bailey_polearm_4, bailey
WizLab:   wizlab_cloud

Skill      XL: |  1  2  3  4  5  6  7  8  9 10 11 12 13 14 15 |
---------------+----------------------------------------------+-----
Conjurations   | 2 3 4 5 6 8 10 11 12 13 14 15 | 15.8
Fire Magic     | 4 5 6 7 8 10 11 12 13 14 16 | 16.0
Spellcasting   | 3 4 5 6 7 8 9 10 11 | 11.0
Invocations    | 2 4 5 7 9 11 | 11.9
Dodging        | |  2.0
Stealth        | |  2.6

Action                   |  1- 3 |  4- 6 |  7- 9 | 10-12 | 13-15 | 16-18 || total
-------------------------+-------+-------+-------+-------+-------+-------++-------
Melee: Hand axe          |     5 |       |       |       |       |       ||     5
       Constrict         |     4 |     1 |    14 |    14 |    19 |       ||    52
       Whip              |     8 |     5 |    53 |    79 |    65 |       ||   210
       Tentacles         |     2 |       |     5 |    11 |    27 |       ||    45
       Quarterstaff      |       |       |     4 |       |       |       ||     4
       Staff             |       |       |       |       |    11 |       ||    11
 Cast: Flame Tongue      |    21 |    42 |    84 |    58 |    12 |       ||   217
       Sticky Flame      |       |     2 |    15 |    24 |    25 |       ||    66
       Conjure Flame     |       |       |    11 |    13 |     5 |       ||    29
       Fireball          |       |       |     2 |    88 |   102 |     1 ||   193
       Repel Missiles    |       |       |       |     2 |     3 |       ||     5
       Bolt of Fire      |       |       |       |    22 |   122 |       ||   144
       Delayed Fireball  |       |       |       |     2 |     9 |     1 ||    12
       Orb of Destructio |       |       |       |       |    18 |     1 ||    19
Invok: Divine Energy     |       |       |     1 |       |       |       ||     1
       Channel Magic     |       |       |       |    17 |    33 |       ||    50
       Forget Spell      |       |       |       |       |     3 |       ||     3
 Abil: Release Delayed F |       |       |       |     2 |     9 |       ||    11
Evoke: Wand              |       |       |     1 |    13 |     6 |       ||    20
  Use: Scroll            |     3 |     2 |     7 |    10 |    14 |       ||    36
       Potion            |       |     1 |       |     2 |    10 |     1 ||    14
 Stab: Sleeping          |     1 |       |     2 |       |     2 |       ||     5
       Distracted        |       |       |       |       |     1 |       ||     1
  Eat: Fruit             |       |     3 |       |       |     1 |       ||     4
       Chunk             |       |       |    10 |    37 |    45 |       ||    92
       Beef jerky        |       |       |     1 |     1 |       |       ||     2
       Pizza             |       |       |       |     2 |     2 |       ||     4
       Bread ration      |       |       |       |     1 |     5 |       ||     6
       Meat ration       |       |       |       |     1 |     3 |       ||     4
       Royal jelly       |       |       |       |       |     1 |       ||     1
Armor: Skin              |     2 |       |     5 |       |    13 |       ||    20
Dodge: Dodged            |    14 |    11 |    34 |    64 |   110 |       ||   233
       Deflected         |       |       |       |     2 |     7 |     1 ||    10
Block: Other             |       |       |       |       |    12 |       ||    12
